Edmonton Oil Kings vs Kelowna Rockets
Created - Sunday, May 21, 2023 at 07:00
Goals
|
| Edmonton Oil Kings |
1 |
0 |
0 |
1 |
| Kelowna Rockets |
0 |
2 |
1 |
3 |
|
Shots
|
| Edmonton Oil Kings |
13 |
12 |
11 |
36 |
| Kelowna Rockets |
13 |
11 |
13 |
37 |
|
1st period
1. Edmonton Oil Kings , Ryan McLeod 23 (Morgan Barron 10, Joey Anderson 18) at 10:50
Penalties :
Jacob Perreault (KEL) for Fighting (Major) at 8:47, Jack Johnson (EOK) for Fighting (Major) at 8:47
2nd period
2. Kelowna Rockets , Ty Dellandrea 34 (Arnaud Durandeau 12, Lauri Pajuniemi 1) at 1:15
3. Kelowna Rockets , Jesse Ylonen 36 (Max Lajoie 30, Ty Dellandrea 53) at 3:30 (PP)
Penalties :
Dillon Dube (EOK) for Hooking (Minor) at 3:14, Filip Zadina (EOK) for Roughing (Minor) at 7:47
3rd period
4. Kelowna Rockets , Jasper Weatherby 35 (Cale Fleury 29) at 10:29
Penalties :
Ty Dellandrea (KEL) for Hooking (Minor) at 5:01, Jacob Perreault (KEL) for Interference (Minor) at 6:02, Joey Anderson (EOK) for Tripping (Minor) at 9:45, Ty Dellandrea (KEL) for High sticking (Minor) at 9:52
Goalie Stats
Adam Huska (EOK), 34 saves from 37 shots - (0.919), L, 17-13-1, 60:00 minutes
Eetu Makiniemi (KEL), 35 saves from 36 shots - (0.972), W, 14-4-2, 60:00 minutes
Players Stats for Edmonton Oil Kings
Player Name G A P +/- PIM S H SB GA TA FO MP PP MP PK MP
------------------------------------------------------------------------------------
Brett Kulak 0 0 0 0 0 1 3 0 0 0 0/0 22:12 1:22 1:11
Connor McMichael 0 0 0 0 0 3 0 0 0 0 5/7 14:20 0:00 0:58
Dillon Dube 0 0 0 -1 2 4 1 0 0 0 9/25 18:52 1:49 1:01
Dylan Holloway 0 0 0 0 0 2 0 1 0 0 0/0 12:43 0:00 0:00
Dysin Mayo 0 0 0 -1 0 0 0 4 0 0 0/0 23:13 1:45 1:11
Filip Zadina 0 0 0 0 2 0 2 0 0 0 1/2 17:28 1:42 0:03
Gabriel Carlsson 0 0 0 0 0 3 0 3 0 1 0/0 21:44 1:22 1:11
Jack Johnson 0 0 0 -2 5 2 2 0 1 1 0/0 20:00 1:45 1:11
Joey Anderson 0 1 1 1 2 3 0 0 1 0 1/1 15:41 1:25 0:00
Josh Mahura 0 0 0 1 0 0 2 0 0 0 0/0 17:20 0:00 0:00
Julien Gauthier 0 0 0 -1 0 4 1 0 1 1 0/0 10:05 0:00 0:00
Libor Hajek 0 0 0 0 0 3 0 0 0 0 0/0 15:30 0:00 0:00
Morgan Barron 0 1 1 1 0 0 4 1 0 0 1/1 16:09 1:18 0:26
Nikita Alexandrov 0 0 0 -1 0 1 2 0 1 0 3/4 10:31 0:00 0:00
Noah Gregor 0 0 0 0 0 2 3 1 0 0 0/2 18:24 1:42 0:58
Ryan McLeod 1 0 1 0 0 5 0 0 0 0 4/11 17:56 1:25 0:58
Tyler Angle 0 0 0 -1 0 1 0 0 0 0 0/0 10:25 0:00 0:20
Wade Allison 0 0 0 0 0 2 3 0 0 0 1/2 13:09 0:00 0:00
Players Stats for Kelowna Rockets
Player Name G A P +/- PIM S H SB GA TA FO MP PP MP PK MP
------------------------------------------------------------------------------------
Alex Peters 0 0 0 0 0 0 1 0 0 1 0/0 13:53 0:00 0:00
Arnaud Durandeau 0 1 1 1 0 1 0 0 0 0 0/0 6:25 0:00 0:00
Cale Fleury 0 1 1 1 0 1 2 0 0 0 0/0 23:25 1:09 1:56
Givani Smith 0 0 0 0 0 2 4 1 0 0 0/0 13:15 0:00 0:00
Jack Drury 0 0 0 0 0 5 0 1 0 0 9/11 16:18 0:00 1:24
Jacob Perreault 0 0 0 0 7 2 2 0 1 0 1/1 13:19 0:00 0:23
Jasper Weatherby 1 0 1 0 0 7 3 0 0 0 1/3 20:03 1:30 1:19
Jesse Ylonen 1 0 1 -1 0 3 0 1 0 0 0/1 18:16 1:30 0:23
Joel Kiviranta 0 0 0 0 0 1 1 1 1 0 0/1 17:04 0:52 0:00
Lauri Pajuniemi 0 1 1 1 0 1 0 0 0 0 0/0 6:25 0:00 0:00
Lucas Johansen 0 0 0 0 0 0 2 2 0 0 0/0 22:42 1:13 1:11
Matias Maccelli 0 0 0 0 0 2 2 1 0 1 1/2 19:05 0:52 0:49
Max Lajoie 0 1 1 1 0 2 2 0 0 0 0/0 25:05 1:09 1:56
Maxence Guenette 0 0 0 0 0 1 4 2 0 1 0/0 21:02 1:13 1:11
Oskar Steen 0 0 0 0 0 3 3 0 0 1 2/10 17:16 0:52 0:19
Oskari Laaksonen 0 0 0 0 0 1 0 1 0 0 0/0 13:53 0:00 0:00
Roby Jarventie 0 0 0 1 0 0 0 0 1 0 3/3 3:52 0:00 0:00
Ty Dellandrea 1 1 2 0 4 5 1 0 0 0 13/23 22:41 1:29 0:38
3 Stars
1 - Eetu Makiniemi (KEL)
2 - Jasper Weatherby (KEL)
3 - Max Lajoie (KEL)
Power Play
Edmonton Oil Kings - 0 on 3 Attempt(s) - 0.00%
Kelowna Rockets - 1 on 3 Attempt(s) - 33.33%
Penalty Kill
Edmonton Oil Kings - 2 on 3 Attempt(s) - 66.67%
- Score 0 goal in Penalty Kill
Kelowna Rockets - 3 on 3 Attempt(s) - 100.00%
- Score 0 goal in Penalty Kill
Team Stat
Edmonton Oil Kings - Hits : 23 - Faceoff Wins : 25 - Blocked Shots : 10 - Penalty Minutes : 11
Kelowna Rockets - Hits : 27 - Faceoff Wins : 30 - Blocked Shots : 10 - Penalty Minutes : 11
Official
Referees : Mike Leggo and Francis Charron
Linesman : Unknown
Game Notes
Jack Johnson beats up Jacob Perreault at 8:47 of 1st period
Edmonton Oil Kings
5 vs 5 Forward
Center Left Wing Right Wing Time % Phy DF OF
1 Dillon Dube Filip Zadina Noah Gregor 30 1 2 2
2 Ryan McLeod Morgan Barron Joey Anderson 30 1 2 2
3 Connor McMichael Dylan Holloway Wade Allison 25 1 2 2
4 Nikita Alexandrov Tyler Angle Julien Gauthier 15 1 2 2
5 vs 5 Defense
Defense Defense Time % Phy DF OF
1 Dysin Mayo Jack Johnson 35 1 2 2
2 Brett Kulak Gabriel Carlsson 35 1 2 2
3 Josh Mahura Libor Hajek 30 1 2 2
4 Dysin Mayo Jack Johnson 0 1 2 2
PowerPlay Forward
Center Left Wing Right Wing Time % Phy DF OF
1 Dillon Dube Filip Zadina Noah Gregor 50 1 2 2
2 Ryan McLeod Morgan Barron Joey Anderson 50 1 2 2
PowerPlay Defense
Defense Defense Time % Phy DF OF
1 Dysin Mayo Jack Johnson 50 1 2 2
2 Brett Kulak Gabriel Carlsson 50 1 2 2
Penalty Kill 4 Players Forward
Center Wing Time % Phy DF OF
1 Dillon Dube Ryan McLeod 50 1 2 2
2 Filip Zadina Noah Gregor 50 1 2 2
Penalty Kill 4 Players Defense
Defense Defense Time % Phy DF OF
1 Dysin Mayo Jack Johnson 50 1 2 2
2 Brett Kulak Gabriel Carlsson 50 1 2 2
Penalty Kill - 3 Players Forward
Forward Time % Phy DF OF
1 Dillon Dube 50 1 2 2
2 Ryan McLeod 50 1 2 2
Penalty Kill - 3 Players Defense
Defense Defense Time % Phy DF OF
1 Dysin Mayo Jack Johnson 50 1 2 2
2 Brett Kulak Gabriel Carlsson 50 1 2 2
4 vs 4 Forward
Center Wing Time % Phy DF OF
1 Dillon Dube Ryan McLeod 50 1 2 2
2 Filip Zadina Noah Gregor 50 1 2 2
4 vs 4 Defense
Defense Defense Time % Phy DF OF
1 Dysin Mayo Jack Johnson 50 1 2 2
2 Brett Kulak Gabriel Carlsson 50 1 2 2
Last Minutes Offensive
Center Left Wing Right Wing Defense Defense
Dillon Dube Filip Zadina Noah Gregor Dysin Mayo Jack Johnson
Last Minutes Defensive
Center Left Wing Right Wing Defense Defense
Dillon Dube Filip Zadina Noah Gregor Dysin Mayo Jack Johnson
Goaltenders
Starting : Adam Huska
Backup : Karel Vejmelka
Extra Forwards
Normal : Nikita Alexandrov, Wade Allison, Connor McMichael - PP : Nikita Alexandrov, Wade Allison - PK : Connor McMichael
Extra Defensemen
Normal : Josh Mahura, Libor Hajek, Brett Kulak - PP : Josh Mahura - PK : Libor Hajek, Brett Kulak
Penalty Shots
Dillon Dube, Ryan McLeod, Filip Zadina, Noah Gregor, Joey Anderson
Kelowna Rockets
5 vs 5 Forward
Center Left Wing Right Wing Time % Phy DF OF
1 Ty Dellandrea Jasper Weatherby Jesse Ylonen 40 1 2 2
2 Oskar Steen Matias Maccelli Joel Kiviranta 30 1 2 2
3 Jack Drury Givani Smith Jacob Perreault 20 1 2 2
4 Ty Dellandrea Arnaud Durandeau Lauri Pajuniemi 10 1 2 2
5 vs 5 Defense
Defense Defense Time % Phy DF OF
1 Cale Fleury Max Lajoie 40 1 2 2
2 Lucas Johansen Maxence Guenette 30 1 2 2
3 Alex Peters Oskari Laaksonen 20 1 2 2
4 Max Lajoie Lucas Johansen 10 1 2 2
PowerPlay Forward
Center Left Wing Right Wing Time % Phy DF OF
1 Ty Dellandrea Jasper Weatherby Jesse Ylonen 60 1 2 2
2 Oskar Steen Matias Maccelli Joel Kiviranta 40 1 2 2
PowerPlay Defense
Defense Defense Time % Phy DF OF
1 Cale Fleury Max Lajoie 60 1 2 2
2 Lucas Johansen Maxence Guenette 40 1 2 2
Penalty Kill 4 Players Forward
Center Wing Time % Phy DF OF
1 Ty Dellandrea Jasper Weatherby 60 1 2 2
2 Jesse Ylonen Matias Maccelli 40 1 2 2
Penalty Kill 4 Players Defense
Defense Defense Time % Phy DF OF
1 Cale Fleury Max Lajoie 60 1 2 2
2 Lucas Johansen Maxence Guenette 40 1 2 2
Penalty Kill - 3 Players Forward
Forward Time % Phy DF OF
1 Ty Dellandrea 60 1 2 2
2 Jasper Weatherby 40 1 2 2
Penalty Kill - 3 Players Defense
Defense Defense Time % Phy DF OF
1 Cale Fleury Max Lajoie 60 1 2 2
2 Lucas Johansen Maxence Guenette 40 1 2 2
4 vs 4 Forward
Center Wing Time % Phy DF OF
1 Ty Dellandrea Jasper Weatherby 60 1 2 2
2 Jesse Ylonen Matias Maccelli 40 1 2 2
4 vs 4 Defense
Defense Defense Time % Phy DF OF
1 Cale Fleury Max Lajoie 60 1 2 2
2 Lucas Johansen Maxence Guenette 40 1 2 2
Last Minutes Offensive
Center Left Wing Right Wing Defense Defense
Ty Dellandrea Jasper Weatherby Jesse Ylonen Cale Fleury Max Lajoie
Last Minutes Defensive
Center Left Wing Right Wing Defense Defense
Ty Dellandrea Jasper Weatherby Jesse Ylonen Cale Fleury Max Lajoie
Goaltenders
Starting : Eetu Makiniemi
Backup : Justus Annunen
Extra Forwards
Normal : Roby Jarventie, Ty Dellandrea, Jack Drury - PP : Roby Jarventie, Ty Dellandrea - PK : Jack Drury
Extra Defensemen
Normal : Max Lajoie, Maxence Guenette, Cale Fleury - PP : Cale Fleury - PK : Maxence Guenette, Cale Fleury
Penalty Shots
Ty Dellandrea, Jasper Weatherby, Jesse Ylonen, Matias Maccelli, Oskar Steen
% Time on Ice - Edmonton Oil Kings
Lines # - Real PCT - Wanted PCT - Time Play
Normal Forward
1 - 29% - 30% - 15:13
2 - 28% - 30% - 14:38
3 - 24% - 25% - 12:43
4 - 19% - 15% - 10:05
Normal Defense
1 - 34% - 35% - 18:08
2 - 35% - 35% - 18:19
3 - 29% - 30% - 15:03
4 - 2% - 0% - 1:09
PP Forward
1 - 58% - 50% - 1:49
2 - 42% - 50% - 1:18
PP Defense
1 - 56% - 50% - 1:45
2 - 44% - 50% - 1:22
PK Forward
1 - 41% - 50% - 0:58
2 - 59% - 50% - 1:24
PK Defense
1 - 50% - 50% - 1:11
2 - 50% - 50% - 1:11
PK3 Forward
1 - 0% - 50%
2 - 0% - 50%
PK3 Defense
1 - 0% - 50%
2 - 0% - 50%
44 Forward
1 - 68% - 50% - 1:16
2 - 32% - 50% - 0:36
44 Defense
1 - 66% - 50% - 1:14
2 - 34% - 50% - 0:38
Last Minute Offensive - 0:00
Last Minute Defensive - 0:00
Total
Forward - 60:00
Defense - 60:00
|
% Time on Ice - Kelowna Rockets
Lines # - Real PCT - Wanted PCT - Time Play
Normal Forward
1 - 31% - 40% - 16:27
2 - 31% - 30% - 16:32
3 - 25% - 20% - 13:15
4 - 12% - 10% - 6:25
Normal Defense
1 - 36% - 40% - 18:56
2 - 35% - 30% - 18:10
3 - 26% - 20% - 13:53
4 - 3% - 10% - 1:40
PP Forward
1 - 63% - 60% - 1:30
2 - 37% - 40% - 0:52
PP Defense
1 - 49% - 60% - 1:09
2 - 51% - 40% - 1:13
PK Forward
1 - 82% - 60% - 1:46
2 - 18% - 40% - 0:23
PK Defense
1 - 57% - 60% - 1:13
2 - 43% - 40% - 0:56
PK3 Forward
1 - 100% - 60% - 0:58
2 - 0% - 40% - 0:00
PK3 Defense
1 - 74% - 60% - 0:43
2 - 26% - 40% - 0:15
44 Forward
1 - 100% - 60% - 1:52
2 - 0% - 40% - 0:00
44 Defense
1 - 75% - 60% - 1:24
2 - 25% - 40% - 0:28
Last Minute Offensive - 0:00
Last Minute Defensive - 0:00
Total
Forward - 60:00
Defense - 60:00
|
Play-by-Play
1st period
0:01 of 1st period - Ty Dellandrea wins face-off versus Dillon Dube in neutral zone.
0:59 of 1st period - Lucas Johansen is hit by Brett Kulak and loses puck.
1:16 of 1st period - Ty Dellandrea is hit by Josh Mahura and loses puck.
1:21 of 1st period - Snap shot by Julien Gauthier.
1:21 of 1st period - Shot Misses the Net.
1:23 of 1st period - Backhand shot by Nikita Alexandrov.
1:23 of 1st period - Shot Blocked by Lucas Johansen.
1:39 of 1st period - Off-side.
1:40 of 1st period - Ryan McLeod wins face-off versus Ty Dellandrea in neutral zone.
2:32 of 1st period - Dillon Dube is hit by Givani Smith and loses puck.
2:45 of 1st period - Noah Gregor is hit by Alex Peters.
2:53 of 1st period - Ty Dellandrea is hit by Noah Gregor and loses puck.
3:00 of 1st period - Snap shot by Dillon Dube.
3:00 of 1st period - Stopped by Eetu Makiniemi with a rebound.
3:02 of 1st period - Slapshot by Gabriel Carlsson.
3:02 of 1st period - Stopped by Eetu Makiniemi without a rebound.
3:03 of 1st period - Ryan McLeod wins face-off versus Oskar Steen in Kelowna Rockets zone.
3:38 of 1st period - Jack Drury is hit by Nikita Alexandrov and loses puck.
3:57 of 1st period - Snap shot by Wade Allison.
3:57 of 1st period - Stopped by Eetu Makiniemi with a rebound.
5:04 of 1st period - Snap shot by Connor McMichael.
5:04 of 1st period - Deflect By Wade Allison.
5:04 of 1st period - Shot Blocked by Joel Kiviranta.
5:04 of 1st period - Puck is out of play.
5:05 of 1st period - Connor McMichael wins face-off versus Ty Dellandrea in Kelowna Rockets zone.
5:10 of 1st period - Wrist shot by Wade Allison.
5:10 of 1st period - Stopped by Eetu Makiniemi with a rebound.
5:12 of 1st period - Wrist shot by Dylan Holloway.
5:12 of 1st period - Stopped by Eetu Makiniemi without a rebound.
5:13 of 1st period - Ty Dellandrea wins face-off versus Ryan McLeod in Kelowna Rockets zone.
5:24 of 1st period - Snap shot by Joey Anderson.
5:24 of 1st period - Shot Misses the Net.
5:26 of 1st period - Slapshot by Libor Hajek.
5:26 of 1st period - Stopped by Eetu Makiniemi without a rebound.
5:27 of 1st period - Oskar Steen wins face-off versus Dillon Dube in Kelowna Rockets zone.
5:34 of 1st period - Snap shot by Matias Maccelli.
5:34 of 1st period - Shot Misses the Net.
5:38 of 1st period - Wrist shot by Joel Kiviranta.
5:38 of 1st period - Shot Misses the Net.
6:37 of 1st period - Snap shot by Ty Dellandrea.
6:37 of 1st period - Stopped by Adam Huska without a rebound.
6:38 of 1st period - Nikita Alexandrov wins face-off versus Oskar Steen in Edmonton Oil Kings zone.
6:45 of 1st period - Slapshot by Tyler Angle.
6:45 of 1st period - Shot Misses the Net.
8:14 of 1st period - Snap shot by Julien Gauthier.
8:14 of 1st period - Stopped by Eetu Makiniemi without a rebound.
8:15 of 1st period - Ty Dellandrea wins face-off versus Ryan McLeod in Kelowna Rockets zone.
8:22 of 1st period - Wrist shot by Ty Dellandrea.
8:22 of 1st period - Shot Misses the Net.
8:24 of 1st period - Snap shot by Jesse Ylonen.
8:24 of 1st period - Shot Misses the Net.
8:26 of 1st period - Slapshot by Jasper Weatherby.
8:26 of 1st period - Stopped by Adam Huska with a rebound.
8:28 of 1st period - Wrist shot by Jasper Weatherby.
8:28 of 1st period - Stopped by Adam Huska with a rebound.
8:30 of 1st period - Wrist shot by Jasper Weatherby.
8:30 of 1st period - Deflect By Ty Dellandrea.
8:30 of 1st period - Shot Blocked by Dysin Mayo.
8:30 of 1st period - Puck is out of play.
8:31 of 1st period - Jack Drury wins face-off versus Dillon Dube in Edmonton Oil Kings zone.
8:47 of 1st period - Jack Johnson beats up Jacob Perreault.
8:47 of 1st period - Penalty to Jacob Perreault for Fighting.
8:47 of 1st period - Penalty to Jack Johnson for Fighting.
8:48 of 1st period - Morgan Barron wins face-off versus Jasper Weatherby in Edmonton Oil Kings zone.
8:48 of 1st period - Morgan Barron is hit by Maxence Guenette.
8:55 of 1st period - Off-side.
8:56 of 1st period - Ryan McLeod wins face-off versus Ty Dellandrea in neutral zone.
9:05 of 1st period - Jesse Ylonen is hit by Josh Mahura and loses puck.
9:53 of 1st period - Snap shot by Joey Anderson.
9:53 of 1st period - Shot Misses the Net.
9:55 of 1st period - Slapshot by Ryan McLeod.
9:55 of 1st period - Stopped by Eetu Makiniemi with a rebound.
10:01 of 1st period - Snap shot by Joey Anderson.
10:01 of 1st period - Stopped by Eetu Makiniemi with a rebound.
10:24 of 1st period - Wrist shot by Ryan McLeod.
10:24 of 1st period - Deflect By Joey Anderson.
10:24 of 1st period - Stopped by Eetu Makiniemi with a rebound.
10:26 of 1st period - Backhand shot by Ryan McLeod.
10:26 of 1st period - Shot Misses the Net.
10:46 of 1st period - Snap shot by Ryan McLeod.
10:46 of 1st period - Shot Blocked by Maxence Guenette.
10:48 of 1st period - Wrist shot by Morgan Barron.
10:48 of 1st period - Shot Blocked by Jesse Ylonen.
10:50 of 1st period - Slapshot by Ryan McLeod.
10:50 of 1st period - Goal by Ryan McLeod - Edmonton Oil Kings : 1 - Kelowna Rockets : 0.
10:51 of 1st period - Jack Drury wins face-off versus Dillon Dube in neutral zone.
11:06 of 1st period - Wrist shot by Givani Smith.
11:06 of 1st period - Stopped by Adam Huska without a rebound.
11:07 of 1st period - Wade Allison wins face-off versus Oskar Steen in Edmonton Oil Kings zone.
11:22 of 1st period - Wrist shot by Joel Kiviranta.
11:22 of 1st period - Deflect By Oskar Steen.
11:22 of 1st period - Stopped by Adam Huska with a rebound.
11:32 of 1st period - Gabriel Carlsson is hit by Givani Smith and loses puck.
11:39 of 1st period - Cale Fleury is hit by Noah Gregor and loses puck.
12:06 of 1st period - Lauri Pajuniemi is hit by Nikita Alexandrov and loses puck.
12:25 of 1st period - Oskari Laaksonen is hit by Brett Kulak and loses puck.
12:42 of 1st period - Oskar Steen is hit by Julien Gauthier and loses puck.
13:19 of 1st period - Ryan McLeod is hit by Maxence Guenette and loses puck.
13:42 of 1st period - Filip Zadina is hit by Oskar Steen and loses puck.
13:46 of 1st period - Icing by Libor Hajek.
13:47 of 1st period - Dillon Dube wins face-off versus Oskar Steen in Edmonton Oil Kings zone.
13:52 of 1st period - Max Lajoie is hit by Dillon Dube and loses puck.
14:18 of 1st period - Off-side.
14:19 of 1st period - Jack Drury wins face-off versus Ryan McLeod in neutral zone.
14:22 of 1st period - Snap shot by Jacob Perreault.
14:22 of 1st period - Deflect By Givani Smith.
14:22 of 1st period - Stopped by Adam Huska with a rebound.
15:03 of 1st period - Wrist shot by Oskar Steen.
15:03 of 1st period - Stopped by Adam Huska with a rebound.
15:07 of 1st period - Snap shot by Joel Kiviranta.
15:07 of 1st period - Stopped by Adam Huska with a rebound.
15:11 of 1st period - Snap shot by Matias Maccelli.
15:11 of 1st period - Stopped by Adam Huska with a rebound.
15:13 of 1st period - Slapshot by Matias Maccelli.
15:13 of 1st period - Shot Misses the Net.
15:29 of 1st period - Julien Gauthier is hit by Lucas Johansen and loses puck.
15:40 of 1st period - Wrist shot by Jack Drury.
15:40 of 1st period - Stopped by Adam Huska with a rebound.
15:42 of 1st period - Backhand shot by Jack Drury.
15:42 of 1st period - Stopped by Adam Huska with a rebound.
15:44 of 1st period - Snap shot by Jacob Perreault.
15:44 of 1st period - Stopped by Adam Huska without a rebound.
15:45 of 1st period - Joey Anderson wins face-off versus Matias Maccelli in Edmonton Oil Kings zone.
16:32 of 1st period - Wrist shot by Dillon Dube.
16:32 of 1st period - Shot Misses the Net.
16:38 of 1st period - Wrist shot by Dillon Dube.
16:38 of 1st period - Stopped by Eetu Makiniemi with a rebound.
16:44 of 1st period - Noah Gregor is hit by Jasper Weatherby and loses puck.
16:59 of 1st period - Snap shot by Joel Kiviranta.
16:59 of 1st period - Shot Blocked by Noah Gregor.
17:01 of 1st period - Wrist shot by Matias Maccelli.
17:01 of 1st period - Shot Misses the Net.
17:03 of 1st period - Slapshot by Oskar Steen.
17:03 of 1st period - Shot Misses the Net.
17:13 of 1st period - Snap shot by Connor McMichael.
17:13 of 1st period - Shot Misses the Net.
17:19 of 1st period - Libor Hajek is hit by Givani Smith and loses puck.
17:42 of 1st period - Wrist shot by Tyler Angle.
17:42 of 1st period - Stopped by Eetu Makiniemi with a rebound.
17:58 of 1st period - Wrist shot by Oskar Steen.
17:58 of 1st period - Shot Blocked by Gabriel Carlsson.
18:00 of 1st period - Snap shot by Jasper Weatherby.
18:00 of 1st period - Stopped by Adam Huska with a rebound.
19:48 of 1st period - Wrist shot by Jasper Weatherby.
19:48 of 1st period - Shot Blocked by Gabriel Carlsson.
Goals for this period are 1 for Edmonton Oil Kings vs 0 for Kelowna Rockets.
Shots for this period are 13 for Edmonton Oil Kings vs 13 for Kelowna Rockets.
2nd period
0:01 of 2nd period - Ty Dellandrea wins face-off versus Dillon Dube in neutral zone.
0:06 of 2nd period - Gabriel Carlsson is hit by Jasper Weatherby and loses puck.
0:35 of 2nd period - Snap shot by Connor McMichael.
0:35 of 2nd period - Shot Misses the Net.
1:15 of 2nd period - Snap shot by Ty Dellandrea.
1:15 of 2nd period - Goal by Ty Dellandrea - Edmonton Oil Kings : 1 - Kelowna Rockets : 1.
1:16 of 2nd period - Ty Dellandrea wins face-off versus Dillon Dube in neutral zone.
1:41 of 2nd period - Josh Mahura is hit by Oskar Steen and loses puck.
1:50 of 2nd period - Wrist shot by Matias Maccelli.
1:50 of 2nd period - Stopped by Adam Huska with a rebound.
1:52 of 2nd period - Slapshot by Oskar Steen.
1:52 of 2nd period - Stopped by Adam Huska without a rebound.
1:53 of 2nd period - Jack Drury wins face-off versus Dillon Dube in Edmonton Oil Kings zone.
2:22 of 2nd period - Snap shot by Ryan McLeod.
2:22 of 2nd period - Stopped by Eetu Makiniemi with a rebound.
3:14 of 2nd period - Minor Penalty to Dillon Dube for Hooking.
3:15 of 2nd period - Connor McMichael wins face-off versus Ty Dellandrea in Edmonton Oil Kings zone.
3:26 of 2nd period - Snap shot by Ty Dellandrea.
3:26 of 2nd period - Stopped by Adam Huska with a rebound.
3:28 of 2nd period - Slapshot by Max Lajoie.
3:28 of 2nd period - Shot Misses the Net.
3:30 of 2nd period - Wrist shot by Jesse Ylonen.
3:30 of 2nd period - Goal by Jesse Ylonen - Edmonton Oil Kings : 1 - Kelowna Rockets : 2.
3:31 of 2nd period - Ty Dellandrea wins face-off versus Dillon Dube in neutral zone.
5:01 of 2nd period - Slapshot by Noah Gregor.
5:01 of 2nd period - Shot Blocked by Oskari Laaksonen.
5:03 of 2nd period - Slapshot by Gabriel Carlsson.
5:03 of 2nd period - Deflect By Ty Dellandrea.
5:03 of 2nd period - Stopped by Eetu Makiniemi with a rebound.
5:05 of 2nd period - Wrist shot by Noah Gregor.
5:05 of 2nd period - Shot Misses the Net.
5:07 of 2nd period - Slapshot by Gabriel Carlsson.
5:07 of 2nd period - Stopped by Eetu Makiniemi without a rebound.
5:08 of 2nd period - Dillon Dube wins face-off versus Joel Kiviranta in Kelowna Rockets zone.
5:21 of 2nd period - Oskar Steen is hit by Filip Zadina and loses puck.
5:42 of 2nd period - Wrist shot by Jack Drury.
5:42 of 2nd period - Shot Misses the Net.
5:44 of 2nd period - Backhand shot by Lucas Johansen.
5:44 of 2nd period - Shot Blocked by Gabriel Carlsson.
7:04 of 2nd period - Lauri Pajuniemi is hit by Wade Allison and loses puck.
7:27 of 2nd period - Joey Anderson is hit by Joel Kiviranta and loses puck.
7:47 of 2nd period - Minor Penalty to Filip Zadina for Roughing.
7:48 of 2nd period - Connor McMichael wins face-off versus Ty Dellandrea in Edmonton Oil Kings zone.
9:47 of 2nd period - Penalty to Filip Zadina is over, Filip Zadina is back on ice.
10:04 of 2nd period - Snap shot by Connor McMichael.
10:04 of 2nd period - Stopped by Eetu Makiniemi with a rebound.
10:06 of 2nd period - Wrist shot by Filip Zadina.
10:06 of 2nd period - Shot Misses the Net.
10:08 of 2nd period - Snap shot by Noah Gregor.
10:08 of 2nd period - Stopped by Eetu Makiniemi without a rebound.
10:09 of 2nd period - Jack Drury wins face-off versus Ryan McLeod in Kelowna Rockets zone.
10:23 of 2nd period - Icing by Givani Smith.
10:24 of 2nd period - Nikita Alexandrov wins face-off versus Jack Drury in Kelowna Rockets zone.
10:25 of 2nd period - Snap shot by Julien Gauthier.
10:25 of 2nd period - Stopped by Eetu Makiniemi with a rebound.
10:27 of 2nd period - Wrist shot by Julien Gauthier.
10:27 of 2nd period - Stopped by Eetu Makiniemi with a rebound.
10:29 of 2nd period - Snap shot by Julien Gauthier.
10:29 of 2nd period - Stopped by Eetu Makiniemi with a rebound.
10:31 of 2nd period - Slapshot by Jack Johnson.
10:31 of 2nd period - Stopped by Eetu Makiniemi with a rebound.
10:33 of 2nd period - Snap shot by Julien Gauthier.
10:33 of 2nd period - Shot Misses the Net.
10:35 of 2nd period - Slapshot by Dysin Mayo.
10:35 of 2nd period - Shot Blocked by Givani Smith.
10:37 of 2nd period - Slapshot by Jack Johnson.
10:37 of 2nd period - Stopped by Eetu Makiniemi without a rebound.
10:38 of 2nd period - Ty Dellandrea wins face-off versus Dillon Dube in Kelowna Rockets zone.
11:03 of 2nd period - Connor McMichael is hit by Max Lajoie and loses puck.
11:24 of 2nd period - Libor Hajek is hit by Jacob Perreault and loses puck.
11:47 of 2nd period - Slapshot by Jasper Weatherby.
11:47 of 2nd period - Stopped by Adam Huska without a rebound.
11:48 of 2nd period - Dillon Dube wins face-off versus Ty Dellandrea in Edmonton Oil Kings zone.
12:13 of 2nd period - Dylan Holloway is hit by Jasper Weatherby and loses puck.
12:50 of 2nd period - Snap shot by Ryan McLeod.
12:50 of 2nd period - Stopped by Eetu Makiniemi with a rebound.
13:00 of 2nd period - Snap shot by Jasper Weatherby.
13:00 of 2nd period - Stopped by Adam Huska without a rebound.
13:01 of 2nd period - Nikita Alexandrov wins face-off versus Oskar Steen in Edmonton Oil Kings zone.
13:01 of 2nd period - Nikita Alexandrov is hit by Cale Fleury.
13:07 of 2nd period - Snap shot by Julien Gauthier.
13:07 of 2nd period - Shot Blocked by Matias Maccelli.
13:09 of 2nd period - Snap shot by Tyler Angle.
13:09 of 2nd period - Shot Misses the Net.
13:11 of 2nd period - Wrist shot by Nikita Alexandrov.
13:11 of 2nd period - Stopped by Eetu Makiniemi without a rebound.
13:12 of 2nd period - Oskar Steen wins face-off versus Dillon Dube in Kelowna Rockets zone.
13:34 of 2nd period - Icing by Libor Hajek.
13:35 of 2nd period - Jacob Perreault wins face-off versus Wade Allison in Edmonton Oil Kings zone.
16:11 of 2nd period - Icing by Jesse Ylonen.
16:12 of 2nd period - Ty Dellandrea wins face-off versus Nikita Alexandrov in Kelowna Rockets zone.
16:39 of 2nd period - Matias Maccelli is hit by Brett Kulak.
16:43 of 2nd period - Slapshot by Julien Gauthier.
16:43 of 2nd period - Shot Blocked by Jack Drury.
16:49 of 2nd period - Snap shot by Jack Drury.
16:49 of 2nd period - Stopped by Adam Huska with a rebound.
16:51 of 2nd period - Snap shot by Jack Drury.
16:51 of 2nd period - Stopped by Adam Huska without a rebound.
16:52 of 2nd period - Dillon Dube wins face-off versus Oskar Steen in Edmonton Oil Kings zone.
16:56 of 2nd period - Off-side.
16:57 of 2nd period - Dillon Dube wins face-off versus Oskar Steen in neutral zone.
17:54 of 2nd period - Ryan McLeod is hit by Jacob Perreault and loses puck.
18:14 of 2nd period - Snap shot by Julien Gauthier.
18:14 of 2nd period - Shot Blocked by Lucas Johansen.
18:29 of 2nd period - Off-side.
18:30 of 2nd period - Dillon Dube wins face-off versus Oskar Steen in neutral zone.
18:57 of 2nd period - Max Lajoie is hit by Morgan Barron and loses puck.
19:14 of 2nd period - Wrist shot by Jesse Ylonen.
19:14 of 2nd period - Stopped by Adam Huska with a rebound.
19:16 of 2nd period - Slapshot by Oskari Laaksonen.
19:16 of 2nd period - Stopped by Adam Huska with a rebound.
19:58 of 2nd period - Wrist shot by Jacob Perreault.
19:58 of 2nd period - Shot Misses the Net.
Goals for this period are 0 for Edmonton Oil Kings vs 2 for Kelowna Rockets.
Shots for this period are 12 for Edmonton Oil Kings vs 11 for Kelowna Rockets.
3rd period
0:01 of 3rd period - Ty Dellandrea wins face-off versus Noah Gregor in neutral zone.
0:26 of 3rd period - Morgan Barron is hit by Oskar Steen and loses puck.
0:33 of 3rd period - Ryan McLeod is hit by Matias Maccelli and loses puck.
0:37 of 3rd period - Icing by Morgan Barron.
0:38 of 3rd period - Ryan McLeod wins face-off versus Ty Dellandrea in Edmonton Oil Kings zone.
1:14 of 3rd period - Lucas Johansen is hit by Morgan Barron and loses puck.
1:19 of 3rd period - Slapshot by Ryan McLeod.
1:19 of 3rd period - Stopped by Eetu Makiniemi without a rebound.
1:20 of 3rd period - Dillon Dube wins face-off versus Jasper Weatherby in Kelowna Rockets zone.
1:21 of 3rd period - Wrist shot by Filip Zadina.
1:21 of 3rd period - Deflect By Dillon Dube.
1:21 of 3rd period - Stopped by Eetu Makiniemi with a rebound.
2:20 of 3rd period - Tyler Angle is hit by Givani Smith and loses puck.
2:41 of 3rd period - Off-side.
2:42 of 3rd period - Ty Dellandrea wins face-off versus Dillon Dube in neutral zone.
3:34 of 3rd period - Jacob Perreault is hit by Jack Johnson and loses puck.
4:55 of 3rd period - Snap shot by Noah Gregor.
4:55 of 3rd period - Shot Misses the Net.
4:57 of 3rd period - Snap shot by Dillon Dube.
4:57 of 3rd period - Stopped by Eetu Makiniemi without a rebound.
4:58 of 3rd period - Filip Zadina wins face-off versus Ty Dellandrea in Kelowna Rockets zone.
4:59 of 3rd period - Wrist shot by Noah Gregor.
4:59 of 3rd period - Shot Misses the Net.
5:01 of 3rd period - Minor Penalty to Ty Dellandrea for Hooking.
5:02 of 3rd period - Jack Drury wins face-off versus Dillon Dube in Kelowna Rockets zone.
5:02 of 3rd period - Jack Drury is hit by Noah Gregor.
5:24 of 3rd period - Jack Drury is hit by Jack Johnson and loses puck.
5:40 of 3rd period - Off-side.
5:41 of 3rd period - Matias Maccelli wins face-off versus Ryan McLeod in neutral zone.
5:50 of 3rd period - Snap shot by Matias Maccelli.
5:50 of 3rd period - Shot Blocked by Morgan Barron.
6:02 of 3rd period - Minor Penalty to Jacob Perreault for Interference.
6:03 of 3rd period - Jack Drury wins face-off versus Dillon Dube in Kelowna Rockets zone.
6:38 of 3rd period - Wrist shot by Joey Anderson.
6:38 of 3rd period - Deflect By Jack Drury.
6:38 of 3rd period - Stopped by Eetu Makiniemi with a rebound.
7:01 of 3rd period - Penalty to Ty Dellandrea is over, Ty Dellandrea is back on ice.
7:17 of 3rd period - Ryan McLeod is hit by Lucas Johansen and loses puck.
7:48 of 3rd period - Brett Kulak is hit by Max Lajoie and loses puck.
8:00 of 3rd period - Matias Maccelli is hit by Filip Zadina and loses puck.
8:02 of 3rd period - Penalty to Jacob Perreault is over, Jacob Perreault is back on ice.
8:08 of 3rd period - Icing by Cale Fleury.
8:09 of 3rd period - Connor McMichael wins face-off versus Jesse Ylonen in Kelowna Rockets zone.
8:10 of 3rd period - Snap shot by Wade Allison.
8:10 of 3rd period - Shot Misses the Net.
8:12 of 3rd period - Snap shot by Dylan Holloway.
8:12 of 3rd period - Stopped by Eetu Makiniemi with a rebound.
8:14 of 3rd period - Wrist shot by Connor McMichael.
8:14 of 3rd period - Stopped by Eetu Makiniemi with a rebound.
8:16 of 3rd period - Wrist shot by Connor McMichael.
8:16 of 3rd period - Stopped by Eetu Makiniemi with a rebound.
8:18 of 3rd period - Wrist shot by Libor Hajek.
8:18 of 3rd period - Stopped by Eetu Makiniemi with a rebound.
8:20 of 3rd period - Slapshot by Libor Hajek.
8:20 of 3rd period - Stopped by Eetu Makiniemi with a rebound.
8:41 of 3rd period - Josh Mahura is hit by Matias Maccelli and loses puck.
8:50 of 3rd period - Wrist shot by Jesse Ylonen.
8:50 of 3rd period - Deflect By Jacob Perreault.
8:50 of 3rd period - Shot Misses the Net.
8:50 of 3rd period - Puck is out of play.
8:51 of 3rd period - Ty Dellandrea wins face-off versus Connor McMichael in Edmonton Oil Kings zone.
8:54 of 3rd period - Slapshot by Arnaud Durandeau.
8:54 of 3rd period - Shot Blocked by Dylan Holloway.
8:56 of 3rd period - Snap shot by Ty Dellandrea.
8:56 of 3rd period - Stopped by Adam Huska with a rebound.
8:58 of 3rd period - Wrist shot by Ty Dellandrea.
8:58 of 3rd period - Shot Blocked by Dysin Mayo.
9:00 of 3rd period - Snap shot by Oskari Laaksonen.
9:00 of 3rd period - Shot Blocked by Dysin Mayo.
9:02 of 3rd period - Slapshot by Ty Dellandrea.
9:02 of 3rd period - Deflect By Arnaud Durandeau.
9:02 of 3rd period - Stopped by Adam Huska with a rebound.
9:04 of 3rd period - Slapshot by Alex Peters.
9:04 of 3rd period - Deflect By Ty Dellandrea.
9:04 of 3rd period - Shot Misses the Net.
9:04 of 3rd period - Puck is out of play.
9:05 of 3rd period - Ty Dellandrea wins face-off versus Dillon Dube in Edmonton Oil Kings zone.
9:06 of 3rd period - Wrist shot by Lauri Pajuniemi.
9:06 of 3rd period - Stopped by Adam Huska without a rebound.
9:07 of 3rd period - Dillon Dube wins face-off versus Ty Dellandrea in Edmonton Oil Kings zone.
9:16 of 3rd period - Snap shot by Noah Gregor.
9:16 of 3rd period - Deflect By Lauri Pajuniemi.
9:16 of 3rd period - Stopped by Eetu Makiniemi with a rebound.
9:18 of 3rd period - Snap shot by Filip Zadina.
9:18 of 3rd period - Shot Blocked by Maxence Guenette.
9:38 of 3rd period - Snap shot by Jacob Perreault.
9:38 of 3rd period - Stopped by Adam Huska without a rebound.
9:39 of 3rd period - Jack Drury wins face-off versus Ryan McLeod in Edmonton Oil Kings zone.
9:45 of 3rd period - Minor Penalty to Joey Anderson for Tripping.
9:46 of 3rd period - Ty Dellandrea wins face-off versus Ryan McLeod in Edmonton Oil Kings zone.
9:52 of 3rd period - Minor Penalty to Ty Dellandrea for High sticking.
9:53 of 3rd period - Jasper Weatherby wins face-off versus Dillon Dube in Kelowna Rockets zone.
10:02 of 3rd period - Slapshot by Max Lajoie.
10:02 of 3rd period - Stopped by Adam Huska without a rebound.
10:03 of 3rd period - Roby Jarventie wins face-off versus Dillon Dube in Edmonton Oil Kings zone.
10:09 of 3rd period - Slapshot by Cale Fleury.
10:09 of 3rd period - Shot Misses the Net.
10:11 of 3rd period - Slapshot by Cale Fleury.
10:11 of 3rd period - Shot Misses the Net.
10:13 of 3rd period - Slapshot by Max Lajoie.
10:13 of 3rd period - Shot Misses the Net.
10:15 of 3rd period - Snap shot by Jasper Weatherby.
10:15 of 3rd period - Shot Misses the Net.
10:17 of 3rd period - Slapshot by Max Lajoie.
10:17 of 3rd period - Stopped by Adam Huska with a rebound.
10:19 of 3rd period - Slapshot by Cale Fleury.
10:19 of 3rd period - Stopped by Adam Huska with a rebound.
10:29 of 3rd period - Slapshot by Jasper Weatherby.
10:29 of 3rd period - Goal by Jasper Weatherby - Edmonton Oil Kings : 1 - Kelowna Rockets : 3.
10:30 of 3rd period - Roby Jarventie wins face-off versus Noah Gregor in neutral zone.
10:33 of 3rd period - Wrist shot by Roby Jarventie.
10:33 of 3rd period - Shot Misses the Net.
11:02 of 3rd period - Backhand shot by Maxence Guenette.
11:02 of 3rd period - Stopped by Adam Huska with a rebound.
11:18 of 3rd period - Filip Zadina is hit by Maxence Guenette and loses puck.
11:22 of 3rd period - Icing by Noah Gregor.
11:23 of 3rd period - Jack Drury wins face-off versus Filip Zadina in Edmonton Oil Kings zone.
11:24 of 3rd period - Wrist shot by Jasper Weatherby.
11:24 of 3rd period - Stopped by Adam Huska without a rebound.
11:25 of 3rd period - Dillon Dube wins face-off versus Jack Drury in Edmonton Oil Kings zone.
11:30 of 3rd period - Slapshot by Jack Johnson.
11:30 of 3rd period - Shot Misses the Net.
11:44 of 3rd period - Ryan McLeod is hit by Cale Fleury.
11:45 of 3rd period - Penalty to Joey Anderson is over, Joey Anderson is back on ice.
11:52 of 3rd period - Penalty to Ty Dellandrea is over, Ty Dellandrea is back on ice.
12:21 of 3rd period - Julien Gauthier is hit by Ty Dellandrea.
12:27 of 3rd period - Slapshot by Brett Kulak.
12:27 of 3rd period - Stopped by Eetu Makiniemi with a rebound.
12:52 of 3rd period - Maxence Guenette is hit by Morgan Barron.
13:43 of 3rd period - Snap shot by Julien Gauthier.
13:43 of 3rd period - Shot Misses the Net.
13:51 of 3rd period - Wrist shot by Julien Gauthier.
13:51 of 3rd period - Shot Misses the Net.
13:53 of 3rd period - Slapshot by Josh Mahura.
13:53 of 3rd period - Shot Misses the Net.
14:02 of 3rd period - Icing by Ty Dellandrea.
14:03 of 3rd period - Roby Jarventie wins face-off versus Connor McMichael in Kelowna Rockets zone.
14:16 of 3rd period - Snap shot by Jesse Ylonen.
14:16 of 3rd period - Stopped by Adam Huska with a rebound.
14:18 of 3rd period - Snap shot by Alex Peters.
14:18 of 3rd period - Shot Misses the Net.
14:28 of 3rd period - Lucas Johansen is hit by Morgan Barron and loses puck.
14:39 of 3rd period - Snap shot by Joey Anderson.
14:39 of 3rd period - Shot Misses the Net.
15:16 of 3rd period - Snap shot by Givani Smith.
15:16 of 3rd period - Shot Misses the Net.
15:18 of 3rd period - Wrist shot by Jack Drury.
15:18 of 3rd period - Stopped by Adam Huska with a rebound.
15:28 of 3rd period - Snap shot by Ty Dellandrea.
15:28 of 3rd period - Stopped by Adam Huska with a rebound.
15:30 of 3rd period - Wrist shot by Jasper Weatherby.
15:30 of 3rd period - Shot Blocked by Dysin Mayo.
15:32 of 3rd period - Wrist shot by Jasper Weatherby.
15:32 of 3rd period - Shot Misses the Net.
16:12 of 3rd period - Alex Peters is hit by Wade Allison and loses puck.
16:50 of 3rd period - Off-side.
16:51 of 3rd period - Connor McMichael wins face-off versus Ty Dellandrea in neutral zone.
17:01 of 3rd period - Jesse Ylonen is hit by Wade Allison and loses puck.
18:19 of 3rd period - Gabriel Carlsson is hit by Maxence Guenette and loses puck.
Goals for this period are 0 for Edmonton Oil Kings vs 1 for Kelowna Rockets.
Shots for this period are 11 for Edmonton Oil Kings vs 13 for Kelowna Rockets.
Back to the Top